 Dungeon Crawl Stone Soup version 0.26.0-10-g1f06aea511 (webtiles) character file.

Game seed: 10635948189137893610

104797 Dracia the Thaumaturge (level 16, -2/126 HPs)
             Began as a Gnoll Warper on Jan 15, 2021.
             Was the Champion of Okawaru.
             Slain by an anaconda (8 damage)
             ... on level 2 of the Snake Pit on Jan 16, 2021.
             The game lasted 01:24:21 (34463 turns).

Dracia the Thaumaturge (Gnoll Warper)              Turns: 34463, Time: 01:24:21

Health: -2/126     AC: 20    Str: 16    XL:     16   Next: 39%
Magic:  1/31       EV: 17    Int: 26    God:    Okawaru [******]
Gold:   836        SH: 10    Dex: 19    Spells: 3/38 levels left

rFire    + . .     SeeInvis .   a - +9 staff of Olgreb {rPois∞}
rCold    + . .     Faith    +   U - +3 buckler "Owea" {rF+ rC+}
rNeg     + . .     Spirit   .   O - +7 ring mail of Bitterness {Int+3}
rPois    ∞         Reflect  .   I - +1 helmet {Int+3}
rElec    +         Harm     .   m - scarf {repulsion}
rCorr    +         Rampage  .   x - +0 pair of gloves
Will     +....                  F - +0 pair of boots
Stlth    ++++......             d - amulet of Exhibitionism {Faith rElec rN+ Dex+4}
HPRegen  0.31/turn              Y - +4 ring of slaying
MPRegen  0.22/turn              R - ring of resist corrosion

@: about to teleport, very slightly contaminated, constricted, invisible, repel
missiles
A: distributed training, fangs 1, blink, strong nose
a: Blink, Renounce Religion, Heroism, Finesse


You were on level 2 of the Snake Pit.
You worshipped Okawaru.
Okawaru was exalted by your worship.
You visited 5 branches of the dungeon, and saw 22 of its levels.
You also visited: Ice Cave.

You collected 2673 gold pieces.
You spent 1837 gold pieces at shops.


Innate Abilities, Weirdness & Mutations

Your experience applies equally to all skills.
You have very sharp teeth.
Your uncanny sense of smell can sniff out nearby items.
You can translocate small distances at will.


   Skills:
 + Level 11.6 Fighting
 + Level 10.8 Short Blades
 + Level 11.6 Long Blades
 + Level 10.8 Axes
 + Level 10.8 Maces & Flails
 + Level 10.8 Polearms
 + Level 10.8 Staves
 + Level 10.8 Slings
 + Level 10.8 Bows
 + Level 10.8 Crossbows
 + Level 11.1 Throwing
 + Level 11.1 Armour
 + Level 11.6 Dodging
 + Level 10.8 Stealth
 + Level 10.8 Shields
 + Level 10.8 Unarmed Combat
 + Level 11.7 Spellcasting
 + Level 9.1 Conjurations
 + Level 9.1 Hexes
 + Level 9.1 Summonings
 + Level 9.1 Necromancy
 + Level 10.6 Translocations
 + Level 9.1 Transmutations
 + Level 9.1 Fire Magic
 + Level 9.1 Ice Magic
 + Level 9.1 Air Magic
 + Level 9.1 Earth Magic
 + Level 9.1 Poison Magic
 + Level 11.6 Invocations
 + Level 10.8 Evocations


You had 3 spell levels left.
You knew the following spells:

 Your Spells              Type           Power        Failure   Level
c - Metabolic Englaciati  Hex/Ice        29%          4%          5
g - Gell's Gravitas       Tloc           31%          1%          3
l - Lesser Beckoning      Tloc           31%          1%          3
m - Mephitic Cloud        Conj/Pois/Air  76%          1%          3
r - Irradiate             Conj/Tmut      29%          4%          5
t - Alistair's Intoxicat  Tmut/Pois      50%          4%          5
u - Passage of Golubria   Tloc           N/A          1%          4
I - Blink                 Tloc           N/A          1%          2
X - Ignite Poison         Fire/Tmut/Pois 76%          1%          3
Y - Sublimation of Blood  Necr           29%          1%          2

Your spell library contained the following spells:

 Spells                   Type           Power        Failure   Level
 Animate Skeleton         Necr           100%         1%          1
 Apportation              Tloc           100%         1%          1
 Corona                   Hex            64%          1%          1
 Magic Dart               Conj           100%         1%          1
 Summon Small Mammal      Summ           100%         1%          1
 Call Imp                 Summ           58%          1%          2
 Corpse Rot               Necr/Air       N/A          1%          2
 Slow                     Hex            58%          1%          2
 Conjure Flame            Conj/Fire      58%          1%          3
 Stone Arrow              Conj/Erth      100%         1%          3
 Teleport Other           Tloc           63%          1%          3
 Tukima's Dance           Hex            58%          1%          3
 Ice Form                 Ice/Tmut       58%          1%          4
 Petrify                  Tmut/Erth      58%          1%          4
 Summon Forest            Summ/Tloc      30%          3%          5
 Eringya's Noxious Bog    Tmut/Pois      38%          22%         6
 Freezing Cloud           Conj/Ice/Air   29%          22%         6
 Hydra Form               Tmut           29%          22%         6
 Invisibility             Hex            58%          22%         6
 Ozocubu's Refrigeration  Ice            29%          22%         6
 Simulacrum               Ice/Necr       29%          22%         6
 Summon Hydra             Summ           29%          77%         7

Inventory:

Hand Weapons
 a - the +9 staff of Olgreb (weapon) {rPois∞}
   (You found it on level 6 of the Dungeon)

   It grants immunity to poison.
 b - the +1 hunting sling of the Lettuce {vorpal, Will+ SInv}
   (Okawaru gifted it to you on level 6 of the Lair of Beasts)

   Any stone fired from it inflicts extra damage.
   It affects your willpower, your defense against some magical effects.
   It lets you see invisible.
 k - the +5 rapier of Destiny {vorpal, rElec Int+3}
   (You found it on level 1 of the Snake Pit)

   It inflicts extra damage upon your enemies.
   It affects your intelligence (+3).
   It insulates you from electricity.
Missiles
 e - 12 boomerangs of dispersal {=f=f}
 g - 10 javelins
 o - 6 datura-tipped darts
 G - 8 atropa-tipped darts
 N - 2 throwing nets {=f=f}
 P - 148 stones
Armour
 m - a scarf of repulsion (worn)
 p - the +0 pair of gloves of the Constellations {+Blink}
   (Okawaru gifted it to you on level 1 of the Snake Pit)

   It lets you blink.
 x - a +0 pair of gloves (worn)
 F - a +0 pair of boots (worn)
 I - a +1 helmet of intelligence (worn)
 O - the +7 ring mail of Bitterness (worn) {Int+3}
   (You found it on level 9 of the Dungeon)

   It affects your intelligence (+3).
 S - a +2 cloak of stealth
 U - the +3 buckler "Owea" (worn) {rF+ rC+}
   (You bought it in a shop on level 2 of the Orcish Mines)

   It protects you from fire.
   It protects you from cold.
Jewellery
 d - the amulet of Exhibitionism (around neck) {Faith rElec rN+ Dex+4}
   (You found it on level 6 of the Lair of Beasts)

   [amulet of faith]

   It allows you to gain divine favour quickly.
   It affects your dexterity (+4).
   It insulates you from electricity.
   It protects you from negative energy.
 v - an uncursed ring of see invisible
 A - a cursed amulet of the acrobat
 K - an uncursed amulet of magic regeneration
 L - an uncursed ring of flight
 R - a ring of resist corrosion (right hand)
 Y - a +4 ring of slaying (left hand)
 Z - an uncursed ring of wizardry
Wands
 h - a wand of enslavement (5)
 r - a wand of polymorph (9)
 H - a wand of paralysis (8)
Scrolls
 f - 7 scrolls of teleportation {@r4@r4}
 q - a scroll of brand weapon
 s - 4 scrolls of identify {@r1@r1}
 t - 7 scrolls of remove curse {@r2@r2}
 w - 6 scrolls of enchant weapon
 y - a scroll of fear
 z - 3 scrolls of amnesia
 E - a scroll of fog
Potions
 i - 8 potions of curing {@q1@q1}
 j - 2 potions of berserk rage {!q!q}
 n - 2 potions of magic
 u - 6 potions of flight
 B - a potion of resistance
 C - 4 potions of brilliance
 D - a potion of might
 J - a potion of cancellation
 M - 2 potions of mutation
Miscellaneous
 l - a box of beasts

Dungeon Overview and Level Annotations

Branches:
Dungeon (11/15)            Temple (1/1) D:6            Lair (6/6) D:10
 Shoals (0/4) Lair:2        Snake (2/4) Lair:2        Slime (0/5) Lair:5
    Orc (2/2) D:11            Elf (0/3) Orc:2         IceCv (visited)

Altars:
Ashenzari
Cheibriados
Dithmenos
Elyvilon
Fedhas
Gozag
Kikubaaqudgha
Makhleb
Okawaru
Qazlal
Sif Muna
Uskayaw
Vehumet
Wu Jian
Xom
Zin
The Shining One
Beogh

Shops:
D:9 [   D:10 ?   Orc:2 *[:(   Snake:1 (*(*

Annotations:
D:6 1 runed translucent door
D:11 1 runed translucent door, Arum's ghost, journeyman FoVM

#........<
#.........
#..)....## #
#........#..
#...N.......
##....N......
#...N........
#..^N<.......
##.S@S........
#.NSSN..NN....
#.†N.....S....
#††^.[...N.N..
#...###..S....
#...# ...##..
#...# ..## ..
#...# .# #...#


You could see 2 naga warriors, 3 naga sharpshooters, a salamander, 2 anacondas,
a shock serpent, 2 mana vipers, a black mamba (wandering), 2 naga magi and 3
nagas.


Message History

* * * LOW HITPOINT WARNING * * *
The anaconda constricts you. You block the anaconda's attack.
You block the naga mage's attack. You block the salamander's attack.
You block the mana viper's attack.
The naga mage gestures wildly while chanting.
The naga mage seems to speed up.
Casting: Passage of Golubria (mildly dangerous; 1% risk of failure)
Confirm with . or Enter, or press ? or * to list all spells.
Okay, then.
You fade into invisibility!
The anaconda bites you!
* * * LOW HITPOINT WARNING * * *
The anaconda constricts you. The anaconda bites you.
* * * LOW HITPOINT WARNING * * *
A black mamba comes into view.
You block the shock serpent's attack. The naga mage completely misses you.
You block the naga warrior's attack.
The naga sharpshooter spits poison at you.
The splash of poison hits you but does no damage.
You resist. The mana viper misses you. The anaconda closely misses you.
* * * LOW HITPOINT WARNING * * *
The anaconda constricts you.
A naga comes into view. It is wielding a +0 halberd.
The anaconda completely misses you.
The salamander hits you but does no damage.
The shock serpent closely misses you. You block the naga mage's attack.
You feel better. You block the anaconda's attack.
* * * LOW HITPOINT WARNING * * *
The anaconda constricts you. The anaconda bites you!
You die...

Skill      XL: |  1  2  3  4  5  6  7  8  9 10 11 12 13 14 15 16 |
---------------+-------------------------------------------------+-----
Spellcasting   | 5 6 7 8 9 10 11 | 11.7
Invocations    | 1 2 3 4 5 6 7 8 9 10 11 | 11.6
Short Blades   | 1 2 3 4 5 6 7 8 9 10 | 10.8
Axes           | 1 2 3 4 5 6 7 8 9 10 | 10.8
Maces & Flails | 1 2 3 4 5 6 7 8 9 10 | 10.8
Polearms       | 1 2 3 4 5 6 7 8 9 10 | 10.8
Staves         | 1 2 3 4 5 6 7 8 9 10 | 10.8
Slings         | 1 2 3 4 5 6 7 8 9 10 | 10.8
Bows           | 1 2 3 4 5 6 7 8 9 10 | 10.8
Crossbows      | 1 2 3 4 5 6 7 8 9 10 | 10.8
Stealth        | 1 2 3 4 5 6 7 8 9 10 | 10.8
Shields        | 1 2 3 4 5 6 7 8 9 10 | 10.8
Unarmed Combat | 1 2 3 4 5 6 7 8 9 10 | 10.8
Evocations     | 1 2 3 4 5 6 7 8 9 10 | 10.8
Throwing       | 3 4 5 6 7 8 9 10 11 | 11.1
Armour         | 3 4 5 6 7 8 9 10 11 | 11.1
Conjurations   | 1 2 3 4 5 6 7 8 9 |  9.1
Hexes          | 1 2 3 4 5 6 7 8 9 |  9.1
Summonings     | 1 2 3 4 5 6 7 8 9 |  9.1
Necromancy     | 1 2 3 4 5 6 7 8 9 |  9.1
Transmutations | 1 2 3 4 5 6 7 8 9 |  9.1
Fire Magic     | 1 2 3 4 5 6 7 8 9 |  9.1
Ice Magic      | 1 2 3 4 5 6 7 8 9 |  9.1
Air Magic      | 1 2 3 4 5 6 7 8 9 |  9.1
Earth Magic    | 1 2 3 4 5 6 7 8 9 |  9.1
Poison Magic   | 1 2 3 4 5 6 7 8 9 |  9.1
Fighting       | 5 6 7 8 9 10 11 | 11.6
Long Blades    | 5 6 7 8 9 10 11 | 11.6
Dodging        | 5 6 7 8 9 10 11 | 11.6
Translocations | 6 7 8 9 10 | 10.6

Action                   |  1- 3 |  4- 6 |  7- 9 | 10-12 | 13-15 | 16-18 || total
-------------------------+-------+-------+-------+-------+-------+-------++-------
Melee: Falchion          |   139 |    18 |       |       |       |       ||   157
       Bite              |    21 |     4 |    25 |    63 |   145 |    21 ||   279
       Spear             |       |    42 |   255 |     7 |       |       ||   304
       Trident           |       |       |       |   245 |       |       ||   245
       Staff             |       |       |       |   291 |  1033 |   185 ||  1509
       Punch             |       |       |       |       |    11 |       ||    11
       Scimitar          |       |       |       |       |    13 |       ||    13
 Fire: Hunting sling     |       |     1 |       |       |       |       ||     1
       Arbalest          |       |       |       |       |     2 |       ||     2
Throw: Dart              |       |     4 |    11 |       |     7 |       ||    22
       Javelin           |       |     3 |     8 |     3 |     5 |     3 ||    22
       Boomerang         |       |       |       |       |     1 |       ||     1
 Cast: Blink             |       |     1 |       |       |    13 |       ||    14
       Gell's Gravitas   |       |       |     6 |     5 |       |       ||    11
       Mephitic Cloud    |       |       |       |    10 |     9 |       ||    19
       Metabolic Englaci |       |       |       |       |    15 |     4 ||    19
       Passage of Golubr |       |       |       |       |     1 |     1 ||     2
       Ignite Poison     |       |       |       |       |     2 |       ||     2
       Alistair's Intoxi |       |       |       |       |     2 |       ||     2
       Irradiate         |       |       |       |       |       |     1 ||     1
Invok: Heroism           |       |       |     1 |     2 |     4 |     1 ||     8
Evoke: Wand              |       |       |       |     5 |     6 |       ||    11
       Staff of Olgreb   |       |       |       |       |    76 |       ||    76
  Use: Scroll            |       |     6 |     8 |    10 |    18 |     1 ||    43
       Potion            |       |       |     1 |     3 |     2 |     3 ||     9
 Stab: Sleeping          |     3 |     2 |     8 |    14 |     9 |     3 ||    39
       Distracted        |       |       |     2 |     1 |     4 |       ||     7
       Confused          |       |       |       |    12 |     4 |       ||    16
       Invisible         |       |       |       |     7 |     3 |       ||    10
Armor: Leather armour    |    28 |     5 |    37 |     9 |       |       ||    79
       Gold dragon scale |       |       |    18 |    31 |       |       ||    49
       Robe              |       |       |       |    13 |       |       ||    13
       Ring mail         |       |       |       |    81 |   303 |    44 ||   428
       Scale mail        |       |       |       |     1 |       |       ||     1
Dodge: Dodged            |   107 |    26 |   118 |   249 |   622 |   126 ||  1248
       Repelled          |       |       |       |       |    12 |     8 ||    20
Block: Buckler           |       |     8 |    43 |   135 |   302 |    94 ||   582
       Rpst.: Falchion   |    34 |     4 |       |       |       |       ||    38
       Scimitar          |       |       |       |       |     4 |       ||     4

Levels and vault maps discovered:
D:1:      nagdon_arrival_zigzag_paths, layout_basic
D:2:      layout_loops_corners, lexackson_kobold_supper, uniq_sigmund
D:3:      layout_basic, old_standard_altar, xom_teletrap_fun,
          uniq_crazy_yiuf_cottage, uniq_grinder
D:4:      layout_rooms, gammafunk_temple_overflow_arena, elyvilon_altar_1,
          tgw_sif
D:5:      layout_rooms, grunt_ministairs_11, uniq_pikel
D:6:      layout_loops_corners, minmay_temple_entry_arrows,
          minmay_guarded_unrand_staff_of_olgreb, uniq_duvessa
D:7:      layout_loops_cross, gammafunk_ghost_arena
D:8:      layout_loops_corners, gammafunk_temple_overflow_wave,
          lemuel_doored_altar
D:9:      kennysheep_ambush_hall, layout_basic,
          gammafunk_temple_overflow_forgotten, basic_altar, serial_shops,
          shop_statue, minmay_misc_feat_pillars, uniq_erolcha
D:10:     layout_roguey, due_lair_maze_entry_diamond, serial_shops, shop,
          amcnicky_mini_corridor_feature, minmay_statues_item,
          kennysheep_crisscross, evilmike_butchery, uniq_fannar, uniq_grum,
          uniq_erica
D:11:     layout_basic, hiddenorc2_lemuel, basic_altar, gammafunk_ghost_grave,
          minmay_gold_behind_fungi, the_bakery, uniq_harold
Temple:   nicolae_temple_figure_eight
Lair:1:   layout_small_grid, infiniplex_staircase_pool
Lair:2:   layout_cave_pods, shoals_dummy_entry, guppyfry_snake_entry_island,
          minmay_lair_oklob_chamber
Lair:3:   layout_regular_city, portal_ice_cave_entry_pillars_1,
          guppyfry_lair_drakes
Lair:4:   layout_regular_city, eino_small_chamber_without_monster
Lair:5:   layout_regular_city, dpeg_slime_entry_corner
Lair:6:   minmay_lair_end_frog_pond, layout_layer_cave,
          cheibrodos_lair_lostbears, grunt_megastairs_4,
          infiniplex_staircase_pool_2
Snake:1:  layout_cave_shapes, st_stairs_7, hangedman_snake_sidewinding,
          minmay_shoptagon, uniq_jorgrun
Snake:2:  nicolae_snake_hallway, layout_onion, grunt_megastairs_2, uniq_aizul
Orc:1:    layout_diamond_mine
Orc:2:    st_orc_congregation, layout_caves, mines2_david

Notes
Turn   | Place    | Note
-------+----------+-------------------------------------------
     0 | D:1      | Dracia the Gnoll Warper began the quest for the Orb.
     0 | D:1      | Reached XP level 1. HP: 20/20 MP: 6/6
   127 | D:1      | Reached XP level 2. HP: 26/26 MP: 7/7
   892 | D:1      | Reached XP level 3. HP: 31/31 MP: 9/9
   911 | D:1      | Reached skill level 5 in Spellcasting
  1798 | D:2      | Reached skill level 1 in Invocations
  2061 | D:2      | Noticed Sigmund
  2160 | D:2      | Reached skill level 1 in Short Blades
  2160 | D:2      | Reached skill level 1 in Axes
  2160 | D:2      | Reached skill level 1 in Maces & Flails
  2160 | D:2      | Reached skill level 1 in Polearms
  2160 | D:2      | Reached skill level 1 in Staves
  2160 | D:2      | Reached skill level 1 in Slings
  2160 | D:2      | Reached skill level 1 in Bows
  2160 | D:2      | Reached skill level 1 in Crossbows
  2160 | D:2      | Reached skill level 1 in Stealth
  2160 | D:2      | Reached skill level 1 in Shields
  2160 | D:2      | Reached skill level 1 in Unarmed Combat
  2160 | D:2      | Reached skill level 1 in Evocations
  2361 | D:2      | Reached XP level 4. HP: 38/38 MP: 11/11
  2940 | D:3      | Noticed Grinder
  3321 | D:3      | Killed Grinder
  3322 | D:3      | Reached skill level 3 in Throwing
  3322 | D:3      | Reached skill level 3 in Armour
  3322 | D:3      | Reached skill level 1 in Conjurations
  3322 | D:3      | Reached skill level 1 in Hexes
  3322 | D:3      | Reached skill level 1 in Summonings
  3322 | D:3      | Reached skill level 1 in Necromancy
  3322 | D:3      | Reached skill level 1 in Transmutations
  3322 | D:3      | Reached skill level 1 in Fire Magic
  3322 | D:3      | Reached skill level 1 in Ice Magic
  3322 | D:3      | Reached skill level 1 in Air Magic
  3322 | D:3      | Reached skill level 1 in Earth Magic
  3322 | D:3      | Reached skill level 1 in Poison Magic
  3322 | D:3      | Reached skill level 2 in Invocations
  3322 | D:3      | Reached XP level 5. HP: 26/43 MP: 12/12
  3322 | D:3      | Reached XP level 6. HP: 30/50 MP: 13/13
  3396 | D:3      | Learned a level 2 spell: Blink
  3400 | D:3      | Learned a level 3 spell: Gell's Gravitas
  3404 | D:3      | Learned a level 3 spell: Lesser Beckoning
  3409 | D:3      | Learned a level 4 spell: Passage of Golubria
  3557 | D:3      | Found an opulent altar of Gozag.
  3727 | D:3      | Found a shimmering altar of Xom.
  4106 | D:3      | Found a runed translucent door.
  4107 | D:3      | Noticed Crazy Yiuf
  4115 | D:3      | Killed Crazy Yiuf
  4116 | D:3      | Reached skill level 5 in Fighting
  4116 | D:3      | Reached skill level 5 in Long Blades
  4116 | D:3      | Reached skill level 5 in Dodging
  4259 | D:4      | Reached skill level 2 in Short Blades
  4259 | D:4      | Reached skill level 2 in Axes
  4259 | D:4      | Reached skill level 2 in Maces & Flails
  4259 | D:4      | Reached skill level 2 in Polearms
  4259 | D:4      | Reached skill level 2 in Staves
  4259 | D:4      | Reached skill level 2 in Slings
  4259 | D:4      | Reached skill level 2 in Bows
  4259 | D:4      | Reached skill level 2 in Crossbows
  4259 | D:4      | Reached skill level 2 in Stealth
  4259 | D:4      | Reached skill level 2 in Shields
  4259 | D:4      | Reached skill level 2 in Unarmed Combat
  4259 | D:4      | Reached skill level 2 in Evocations
  4369 | D:4      | Reached XP level 7. HP: 12/56 MP: 12/15
  4644 | D:4      | Reached skill level 2 in Conjurations
  4644 | D:4      | Reached skill level 2 in Hexes
  4644 | D:4      | Reached skill level 2 in Summonings
  4644 | D:4      | Reached skill level 2 in Necromancy
  4644 | D:4      | Reached skill level 2 in Transmutations
  4644 | D:4      | Reached skill level 2 in Fire Magic
  4644 | D:4      | Reached skill level 2 in Ice Magic
  4644 | D:4      | Reached skill level 2 in Air Magic
  4644 | D:4      | Reached skill level 2 in Earth Magic
  4644 | D:4      | Reached skill level 2 in Poison Magic
  4759 | D:4      | Noticed Jessica
  4766 | D:4      | Killed Jessica
  4773 | D:4      | Found a shimmering blue altar of Sif Muna.
  4888 | D:4      | Found a white marble altar of Elyvilon.
  5011 | D:4      | Found a transporter.
  5035 | D:4      | Found a transporter.
  5098 | D:4      | Found a shimmering altar of Xom.
  5184 | D:5      | Entered Level 5 of the Dungeon
  5187 | D:5      | Noticed Pikel
  5196 | D:5      | Killed Pikel
  5197 | D:5      | Reached skill level 3 in Short Blades
  5197 | D:5      | Reached skill level 3 in Axes
  5197 | D:5      | Reached skill level 3 in Maces & Flails
  5197 | D:5      | Reached skill level 3 in Polearms
  5197 | D:5      | Reached skill level 3 in Staves
  5197 | D:5      | Reached skill level 3 in Slings
  5197 | D:5      | Reached skill level 3 in Bows
  5197 | D:5      | Reached skill level 3 in Crossbows
  5197 | D:5      | Reached skill level 4 in Throwing
  5197 | D:5      | Reached skill level 4 in Armour
  5197 | D:5      | Reached skill level 3 in Stealth
  5197 | D:5      | Reached skill level 3 in Shields
  5197 | D:5      | Reached skill level 3 in Unarmed Combat
  5197 | D:5      | Reached skill level 6 in Spellcasting
  5197 | D:5      | Reached skill level 6 in Translocations
  5197 | D:5      | Reached skill level 3 in Invocations
  5197 | D:5      | Reached skill level 3 in Evocations
  5197 | D:5      | Reached XP level 8. HP: 36/63 MP: 6/17
  5840 | D:5      | Reached skill level 4 in Invocations
  6235 | D:5      | Reached skill level 3 in Conjurations
  6235 | D:5      | Reached skill level 3 in Hexes
  6235 | D:5      | Reached skill level 3 in Summonings
  6235 | D:5      | Reached skill level 3 in Necromancy
  6235 | D:5      | Reached skill level 3 in Transmutations
  6235 | D:5      | Reached skill level 3 in Fire Magic
  6235 | D:5      | Reached skill level 3 in Ice Magic
  6235 | D:5      | Reached skill level 3 in Air Magic
  6235 | D:5      | Reached skill level 3 in Earth Magic
  6235 | D:5      | Reached skill level 3 in Poison Magic
  6253 | D:5      | Reached skill level 6 in Fighting
  6253 | D:5      | Reached skill level 6 in Long Blades
  6253 | D:5      | Reached skill level 6 in Dodging
  6414 | D:6      | Found a staircase to the Ecumenical Temple.
  6434 | Temple   | Entered the Ecumenical Temple
  6560 | Temple   | Became a worshipper of Warmaster Okawaru
  6610 | D:6      | Reached XP level 9. HP: 56/69 MP: 18/18
  6669 | D:6      | Found the +9 staff of Olgreb {rPois∞}
  6691 | D:6      | Found a runed translucent gate.
  6702 | D:6      | Noticed Duvessa
  6709 | D:6      | Killed Duvessa
  6710 | D:6      | Noticed Dowan
  6715 | D:6      | Killed Dowan
  6753 | D:6      | Found a runed translucent gate.
  6753 | D:6      | Found a runed translucent gate.
  6762 | D:6      | Found a runed translucent door.
  6773 | D:6      | Found a runed translucent door.
  7357 | D:6      | Identified a potion of resistance
  7404 | D:7      | Reached skill level 4 in Short Blades
  7404 | D:7      | Reached skill level 4 in Axes
  7404 | D:7      | Reached skill level 4 in Maces & Flails
  7404 | D:7      | Reached skill level 4 in Polearms
  7404 | D:7      | Reached skill level 4 in Staves
  7404 | D:7      | Reached skill level 4 in Slings
  7404 | D:7      | Reached skill level 4 in Bows
  7404 | D:7      | Reached skill level 4 in Crossbows
  7404 | D:7      | Reached skill level 4 in Stealth
  7404 | D:7      | Reached skill level 4 in Shields
  7404 | D:7      | Reached skill level 4 in Unarmed Combat
  7404 | D:7      | Reached skill level 4 in Evocations
  7433 | D:7      | Noticed a two-headed ogre
  7436 | D:7      | Noticed ThreePoint314's ghost (novice HOFi)
  7593 | D:7      | Found a transporter.
  7596 | D:7      | Found a transporter.
  8136 | D:8      | Found a snail-covered altar of Cheibriados.
  8136 | D:8      | Found a hide-covered altar of Uskayaw.
  8189 | D:8      | Reached skill level 5 in Throwing
  8189 | D:8      | Reached skill level 5 in Armour
  8404 | D:8      | Reached * piety under Okawaru
  8434 | D:8      | Found a shimmering blue altar of Sif Muna.
  8751 | D:6      | Reached skill level 5 in Invocations
  8762 | D:6      | Reached skill level 7 in Spellcasting
  8767 | D:6      | Reached ** piety under Okawaru
  8768 | D:6      | Reached skill level 4 in Conjurations
  8768 | D:6      | Reached skill level 4 in Hexes
  8768 | D:6      | Reached skill level 4 in Summonings
  8768 | D:6      | Reached skill level 4 in Necromancy
  8768 | D:6      | Reached skill level 4 in Transmutations
  8768 | D:6      | Reached skill level 4 in Fire Magic
  8768 | D:6      | Reached skill level 4 in Ice Magic
  8768 | D:6      | Reached skill level 4 in Air Magic
  8768 | D:6      | Reached skill level 4 in Earth Magic
  8768 | D:6      | Reached skill level 4 in Poison Magic
  8768 | D:6      | Reached XP level 10. HP: 26/77 MP: 20/20
  9052 | D:6      | Got a smoking trident
  9053 | D:6      | Identified the +7 trident of the Salmon {flame, +Inv rC-
                  | Str+4} (You found it on level 6 of the Dungeon)
  9079 | D:6      | Reached skill level 5 in Short Blades
  9079 | D:6      | Reached skill level 5 in Axes
  9079 | D:6      | Reached skill level 5 in Maces & Flails
  9079 | D:6      | Reached skill level 5 in Polearms
  9079 | D:6      | Reached skill level 5 in Staves
  9079 | D:6      | Reached skill level 5 in Slings
  9079 | D:6      | Reached skill level 5 in Bows
  9079 | D:6      | Reached skill level 5 in Crossbows
  9079 | D:6      | Reached skill level 5 in Stealth
  9079 | D:6      | Reached skill level 5 in Shields
  9079 | D:6      | Reached skill level 5 in Unarmed Combat
  9079 | D:6      | Reached skill level 5 in Evocations
  9262 | D:8      | Reached skill level 7 in Translocations
  9980 | D:9      | Reached skill level 7 in Fighting
  9980 | D:9      | Reached skill level 7 in Long Blades
  9980 | D:9      | Reached skill level 7 in Dodging
 10373 | D:9      | Noticed Erolcha
 10378 | D:9      | Paralysed by Erolcha for 6 turns
 10391 | D:9      | Killed Erolcha
 10391 | D:9      | Reached *** piety under Okawaru
 10392 | D:9      | Reached skill level 6 in Throwing
 10392 | D:9      | Reached skill level 6 in Armour
 10435 | D:9      | Reached skill level 6 in Invocations
 10805 | D:9      | Received a gift from Okawaru
 10957 | D:9      | Found Iwiulla's Armour Boutique.
 10968 | D:9      | Bought a +0 helmet of intelligence for 126 gold pieces
 11084 | D:9      | Reached XP level 11. HP: 75/84 MP: 20/22
 11093 | D:9      | Received a gift from Okawaru
 11145 | D:9      | Reached **** piety under Okawaru
 11148 | D:9      | Reached skill level 6 in Short Blades
 11148 | D:9      | Reached skill level 6 in Axes
 11148 | D:9      | Reached skill level 6 in Maces & Flails
 11148 | D:9      | Reached skill level 6 in Polearms
 11148 | D:9      | Reached skill level 6 in Staves
 11148 | D:9      | Reached skill level 6 in Slings
 11148 | D:9      | Reached skill level 6 in Bows
 11148 | D:9      | Reached skill level 6 in Crossbows
 11148 | D:9      | Reached skill level 6 in Stealth
 11148 | D:9      | Reached skill level 6 in Shields
 11148 | D:9      | Reached skill level 6 in Unarmed Combat
 11148 | D:9      | Reached skill level 6 in Evocations
 11155 | D:9      | Reached skill level 5 in Conjurations
 11155 | D:9      | Reached skill level 5 in Hexes
 11155 | D:9      | Reached skill level 5 in Summonings
 11155 | D:9      | Reached skill level 5 in Necromancy
 11155 | D:9      | Reached skill level 5 in Transmutations
 11155 | D:9      | Reached skill level 5 in Fire Magic
 11155 | D:9      | Reached skill level 5 in Ice Magic
 11155 | D:9      | Reached skill level 5 in Air Magic
 11155 | D:9      | Reached skill level 5 in Earth Magic
 11155 | D:9      | Reached skill level 5 in Poison Magic
 11384 | D:9      | Got a twisted quarterstaff
 11395 | D:9      | Identified the +8 quarterstaff of Causality {antimagic,
                  | *Noise rN+++ Int+4 Stlth+} (You found it on level 9 of the
                  | Dungeon)
 11414 | D:9      | Got a steaming scale mail
 11425 | D:9      | Identified the +4 scale mail of Forking Paths {rF+} (You
                  | found it on level 9 of the Dungeon)
 11558 | D:9      | Got a twisted ring mail
 11569 | D:9      | Identified the +7 ring mail of Bitterness {Int+3} (You
                  | found it on level 9 of the Dungeon)
 11606 | D:9      | Found a shimmering blue altar of Sif Muna.
 11833 | D:9      | Found a glowing golden altar of the Shining One.
 11833 | D:9      | Found a radiant altar of Vehumet.
 11833 | D:9      | Found a burning altar of Makhleb.
 11910 | D:10     | Entered Level 10 of the Dungeon
 12041 | D:10     | Noticed a two-headed ogre
 12055 | D:10     | Killed a two-headed ogre
 12056 | D:10     | Reached skill level 8 in Spellcasting
 12132 | D:10     | Found Quudecod's Magic Scroll Emporium.
 12151 | D:10     | Found a staircase to the Lair.
 12280 | D:10     | Noticed a red ugly thing
 12291 | D:10     | Killed a red ugly thing
 12291 | D:10     | Reached ***** piety under Okawaru
 12292 | D:10     | Reached skill level 7 in Invocations
 12547 | D:10     | Reached skill level 8 in Fighting
 12547 | D:10     | Reached skill level 8 in Long Blades
 12547 | D:10     | Reached skill level 7 in Throwing
 12547 | D:10     | Reached skill level 7 in Armour
 12547 | D:10     | Reached skill level 8 in Dodging
 12565 | D:10     | Learned a level 3 spell: Mephitic Cloud
 12591 | D:10     | Got an encrusted hand axe
 12597 | D:10     | Got a faintly glowing hand axe
 12598 | D:10     | Identified the +6 hand axe "Holluep" {speed, Str+2 Dex+4}
                  | (You found it on level 10 of the Dungeon)
 12599 | D:10     | Identified the cursed +1 hand axe "Pangut" {vorpal, *Rage
                  | rC- Will+ Str+9 Stlth+} (You found it on level 10 of the
                  | Dungeon)
 12762 | D:10     | Noticed Fannar
 12787 | D:10     | Killed Fannar
 13087 | D:10     | Noticed Erica
 13107 | D:10     | Killed Erica
 13107 | D:10     | Received a gift from Okawaru
 13183 | D:10     | Noticed Grum
 13192 | D:10     | Killed Grum
 13221 | Lair:1   | Entered Level 1 of the Lair of Beasts
 13530 | Lair:1   | Received a gift from Okawaru
 13543 | Lair:1   | Reached skill level 8 in Translocations
 13543 | Lair:1   | Reached XP level 12. HP: 65/93 MP: 24/24
 13556 | Lair:1   | Got a dazzling chain mail
 13567 | Lair:1   | Identified the +4 chain mail of the Equinox {rN+ Will+}
                  | (You found it on level 1 of the Lair of Beasts)
 13834 | Lair:1   | Reached skill level 7 in Short Blades
 13834 | Lair:1   | Reached skill level 7 in Axes
 13834 | Lair:1   | Reached skill level 7 in Maces & Flails
 13834 | Lair:1   | Reached skill level 7 in Polearms
 13834 | Lair:1   | Reached skill level 7 in Staves
 13834 | Lair:1   | Reached skill level 7 in Slings
 13834 | Lair:1   | Reached skill level 7 in Bows
 13834 | Lair:1   | Reached skill level 7 in Crossbows
 13834 | Lair:1   | Reached skill level 7 in Stealth
 13834 | Lair:1   | Reached skill level 7 in Shields
 13834 | Lair:1   | Reached skill level 7 in Unarmed Combat
 13834 | Lair:1   | Reached skill level 7 in Evocations
 13936 | Lair:1   | HP: 8/94 [cane toad (18)]
 14421 | Lair:1   | Reached skill level 6 in Conjurations
 14421 | Lair:1   | Reached skill level 6 in Hexes
 14421 | Lair:1   | Reached skill level 6 in Summonings
 14421 | Lair:1   | Reached skill level 6 in Necromancy
 14421 | Lair:1   | Reached skill level 6 in Transmutations
 14421 | Lair:1   | Reached skill level 6 in Fire Magic
 14421 | Lair:1   | Reached skill level 6 in Ice Magic
 14421 | Lair:1   | Reached skill level 6 in Air Magic
 14421 | Lair:1   | Reached skill level 6 in Earth Magic
 14421 | Lair:1   | Reached skill level 6 in Poison Magic
 14452 | Lair:1   | Received a gift from Okawaru
 14484 | Lair:1   | Learned a level 5 spell: Alistair's Intoxication
 14740 | Lair:1   | Noticed a five-headed hydra
 14750 | Lair:1   | Killed a five-headed hydra
 14750 | Lair:1   | Received a gift from Okawaru
 14751 | Lair:1   | Reached skill level 8 in Invocations
 14751 | Lair:1   | Found the +27 Lear's hauberk
 15063 | Lair:2   | Reached skill level 9 in Spellcasting
 15096 | Lair:2   | Found a staircase to the Snake Pit.
 15253 | Lair:2   | Reached skill level 8 in Throwing
 15253 | Lair:2   | Reached skill level 8 in Armour
 15706 | Lair:2   | Reached skill level 9 in Fighting
 15706 | Lair:2   | Reached skill level 9 in Long Blades
 15706 | Lair:2   | Reached skill level 9 in Dodging
 15791 | Lair:2   | Noticed a five-headed hydra
 15817 | Lair:2   | Killed a five-headed hydra
 16179 | Lair:2   | Found a staircase to the Shoals.
 17022 | Lair:2   | Reached XP level 13. HP: 75/101 MP: 26/26
 17261 | Lair:3   | Reached skill level 8 in Short Blades
 17261 | Lair:3   | Reached skill level 8 in Axes
 17261 | Lair:3   | Reached skill level 8 in Maces & Flails
 17261 | Lair:3   | Reached skill level 8 in Polearms
 17261 | Lair:3   | Reached skill level 8 in Staves
 17261 | Lair:3   | Reached skill level 8 in Slings
 17261 | Lair:3   | Reached skill level 8 in Bows
 17261 | Lair:3   | Reached skill level 8 in Crossbows
 17261 | Lair:3   | Reached skill level 8 in Stealth
 17261 | Lair:3   | Reached skill level 8 in Shields
 17261 | Lair:3   | Reached skill level 8 in Unarmed Combat
 17261 | Lair:3   | Reached skill level 8 in Evocations
 17413 | Lair:3   | Found a frozen archway.
 17425 | Lair:3   | Got an ancient shortbow
 17434 | Lair:3   | Identified the +10 shortbow of Tocs {vorpal, rF- rN+++
                  | Str-3 Int+5} (You found it on level 3 of the Lair of
                  | Beasts)
 17439 | IceCv    | Entered an ice cave
 17460 | IceCv    | Reached ****** piety under Okawaru
 17481 | IceCv    | Got a warped robe
 17512 | IceCv    | Identified the cursed +0 robe of the Pits of Slime {-Cast
                  | rElec Regen+ Stlth+} (You found it in an ice cave)
 17550 | IceCv    | Received a gift from Okawaru
 18853 | Lair:3   | Received a gift from Okawaru
 19287 | Lair:2   | Learned a level 5 spell: Metabolic Englaciation
 19340 | Lair:3   | Reached skill level 9 in Invocations
 20411 | Lair:3   | Got a buzzing arbalest {god gift}
 20412 | Lair:3   | Identified the +2 arbalest of Ewkyshic {speed, SInv Stlth+}
                  | (Okawaru gifted it to you on level 3 of the Lair of Beasts)
 20476 | Lair:3   | Reached skill level 7 in Conjurations
 20476 | Lair:3   | Reached skill level 7 in Hexes
 20476 | Lair:3   | Reached skill level 7 in Summonings
 20476 | Lair:3   | Reached skill level 7 in Necromancy
 20476 | Lair:3   | Reached skill level 9 in Translocations
 20476 | Lair:3   | Reached skill level 7 in Transmutations
 20476 | Lair:3   | Reached skill level 7 in Fire Magic
 20476 | Lair:3   | Reached skill level 7 in Ice Magic
 20476 | Lair:3   | Reached skill level 7 in Air Magic
 20476 | Lair:3   | Reached skill level 7 in Earth Magic
 20476 | Lair:3   | Reached skill level 7 in Poison Magic
 20691 | Lair:4   | Received a gift from Okawaru
 20707 | Lair:4   | Got a fine hat {god gift}
 20718 | Lair:4   | Identified the +0 hat of Vlad {-Cast rElec MP-9 Dex+10}
                  | (Okawaru gifted it to you on level 4 of the Lair of Beasts)
 21452 | Lair:4   | Reached skill level 9 in Throwing
 21452 | Lair:4   | Reached skill level 9 in Armour
 21467 | Lair:4   | Reached skill level 10 in Spellcasting
 22166 | Lair:5   | Found a staircase to the Slime Pits.
 22404 | Lair:5   | Reached XP level 14. HP: 89/109 MP: 17/28
 22502 | Lair:5   | Reached skill level 10 in Fighting
 22502 | Lair:5   | Reached skill level 10 in Long Blades
 22502 | Lair:5   | Reached skill level 10 in Dodging
 22908 | Lair:6   | Entered Level 6 of the Lair of Beasts
 22932 | Lair:6   | Received a gift from Okawaru
 22933 | Lair:6   | Reached skill level 9 in Short Blades
 22933 | Lair:6   | Reached skill level 9 in Axes
 22933 | Lair:6   | Reached skill level 9 in Maces & Flails
 22933 | Lair:6   | Reached skill level 9 in Polearms
 22933 | Lair:6   | Reached skill level 9 in Staves
 22933 | Lair:6   | Reached skill level 9 in Slings
 22933 | Lair:6   | Reached skill level 9 in Bows
 22933 | Lair:6   | Reached skill level 9 in Crossbows
 22933 | Lair:6   | Reached skill level 9 in Stealth
 22933 | Lair:6   | Reached skill level 9 in Shields
 22933 | Lair:6   | Reached skill level 9 in Unarmed Combat
 22933 | Lair:6   | Reached skill level 9 in Evocations
 23051 | Lair:6   | Got a faintly glowing hunting sling {god gift}
 23052 | Lair:6   | Identified the +1 hunting sling of the Lettuce {vorpal,
                  | Will+ SInv} (Okawaru gifted it to you on level 6 of the
                  | Lair of Beasts)
 23172 | Lair:6   | Received a gift from Okawaru
 23187 | Lair:6   | Reached skill level 10 in Invocations
 24735 | Lair:6   | Reached skill level 8 in Conjurations
 24735 | Lair:6   | Reached skill level 8 in Hexes
 24735 | Lair:6   | Reached skill level 8 in Summonings
 24735 | Lair:6   | Reached skill level 8 in Necromancy
 24735 | Lair:6   | Reached skill level 8 in Transmutations
 24735 | Lair:6   | Reached skill level 8 in Fire Magic
 24735 | Lair:6   | Reached skill level 8 in Ice Magic
 24735 | Lair:6   | Reached skill level 8 in Air Magic
 24735 | Lair:6   | Reached skill level 8 in Earth Magic
 24735 | Lair:6   | Reached skill level 8 in Poison Magic
 25226 | Lair:6   | Got an ancient ruby amulet
 25236 | Lair:6   | Identified the amulet of Exhibitionism {Faith rElec rN+
                  | Dex+4} (You found it on level 6 of the Lair of Beasts)
 25556 | Lair:6   | Reached skill level 10 in Throwing
 25556 | Lair:6   | Reached skill level 10 in Armour
 25812 | Lair:6   | Received a gift from Okawaru
 26655 | D:2      | Killed Sigmund
 26656 | D:2      | Reached XP level 15. HP: 117/117 MP: 29/29
 26822 | D:7      | Killed ThreePoint314's ghost
 27129 | D:11     | Found a hide-covered altar of Uskayaw.
 27323 | D:11     | Noticed Harold
 27332 | D:11     | Killed Harold
 27497 | D:11     | Found a staircase to the Orcish Mines.
 27532 | D:11     | Reached skill level 11 in Spellcasting
 27604 | D:11     | Found a runed translucent door.
 27605 | D:11     | Noticed Arum's ghost (journeyman FoVM)
 27889 | D:11     | Reached skill level 10 in Translocations
 28251 | Orc:1    | Entered Level 1 of the Orcish Mines
 28351 | Orc:1    | Identified a +1 robe of the Archmagi
 28357 | Orc:1    | Reached skill level 10 in Short Blades
 28357 | Orc:1    | Reached skill level 10 in Axes
 28357 | Orc:1    | Reached skill level 10 in Maces & Flails
 28357 | Orc:1    | Reached skill level 10 in Polearms
 28357 | Orc:1    | Reached skill level 10 in Staves
 28357 | Orc:1    | Reached skill level 10 in Slings
 28357 | Orc:1    | Reached skill level 10 in Bows
 28357 | Orc:1    | Reached skill level 10 in Crossbows
 28357 | Orc:1    | Reached skill level 10 in Stealth
 28357 | Orc:1    | Reached skill level 10 in Shields
 28357 | Orc:1    | Reached skill level 10 in Unarmed Combat
 28357 | Orc:1    | Reached skill level 10 in Evocations
 28631 | Orc:1    | Gained mutation: You can translocate small distances at
                  | will. [a neqoxec]
 28989 | Orc:2    | Entered Level 2 of the Orcish Mines
 28990 | Orc:2    | Found a roughly hewn altar of Beogh.
 29275 | Orc:2    | Reached skill level 11 in Fighting
 29275 | Orc:2    | Reached skill level 11 in Long Blades
 29275 | Orc:2    | Reached skill level 11 in Dodging
 29276 | Orc:2    | Noticed an orc warlord
 29280 | Orc:2    | Identified a +1 robe of resistance
 29281 | Orc:2    | Paralysed by an orc sorcerer for 3 turns
 29528 | Orc:2    | Found a staircase to the Elven Halls.
 29700 | Orc:2    | Reached skill level 11 in Invocations
 29861 | Orc:2    | Received a gift from Okawaru
 30255 | Orc:2    | Killed an orc warlord
 30782 | Orc:2    | Found Hausch Meun's Antique Armour Shop.
 30783 | Orc:2    | Found Anenon's Antique Weapon Boutique.
 30784 | Orc:2    | Found Daiwied's General Store.
 30784 | Orc:2    | Found Muig's Book Shop.
 30788 | Orc:2    | Bought 2 potions of heal wounds for 180 gold pieces
 30789 | Orc:2    | Bought a book of Alchemy for 1275 gold pieces
 30804 | Orc:2    | Learned a level 3 spell: Ignite Poison
 30810 | Orc:2    | Learned a level 5 spell: Irradiate
 30813 | Orc:2    | Learned a level 2 spell: Sublimation of Blood
 30825 | Orc:2    | Bought a shimmering buckler for 256 gold pieces
 30835 | Orc:2    | Identified the +3 buckler "Owea" {rF+ rC+} (You bought it
                  | in a shop on level 2 of the Orcish Mines)
 31107 | Snake:1  | Entered Level 1 of the Snake Pit
 31134 | Snake:1  | HP: 11/118 [anaconda (5)]
 31840 | Snake:1  | Noticed a nagaraja
 32007 | Snake:1  | Got a glimmering rapier
 32008 | Snake:1  | Identified the +5 rapier of Destiny {vorpal, rElec Int+3}
                  | (You found it on level 1 of the Snake Pit)
 32046 | Snake:1  | Found Bausm's General Store.
 32048 | Snake:1  | Found Puafreas's Antique Weapon Shoppe.
 32048 | Snake:1  | Found Anoerphud's General Store.
 32053 | Snake:1  | Found Usongucs's Weapon Emporium.
 32091 | Snake:1  | Noticed Jorgrun
 32113 | Snake:1  | Killed Jorgrun
 32114 | Snake:1  | Reached XP level 16. HP: 61/125 MP: 22/31
 32558 | Snake:1  | Received a gift from Okawaru
 32568 | Snake:1  | Got a pair of encrusted gloves {god gift}
 32579 | Snake:1  | Identified the +0 pair of gloves of the Constellations
                  | {+Blink} (Okawaru gifted it to you on level 1 of the Snake
                  | Pit)
 32869 | Snake:1  | Reached skill level 9 in Conjurations
 32869 | Snake:1  | Reached skill level 9 in Hexes
 32869 | Snake:1  | Reached skill level 9 in Summonings
 32869 | Snake:1  | Reached skill level 9 in Necromancy
 32869 | Snake:1  | Reached skill level 9 in Transmutations
 32869 | Snake:1  | Reached skill level 9 in Fire Magic
 32869 | Snake:1  | Reached skill level 9 in Ice Magic
 32869 | Snake:1  | Reached skill level 9 in Air Magic
 32869 | Snake:1  | Reached skill level 9 in Earth Magic
 32869 | Snake:1  | Reached skill level 9 in Poison Magic
 32968 | Snake:1  | Killed a nagaraja
 33417 | Snake:1  | Reached skill level 11 in Throwing
 33417 | Snake:1  | Reached skill level 11 in Armour
 34459 | Snake:2  | HP: 12/126 [anaconda (1)]
 34462 | Snake:2  | HP: 5/126 [anaconda (2)]
 34462 | Snake:2  | HP: 2/126 [anaconda (3)]
 34463 | Snake:2  | Slain by an anaconda

Vanquished Creatures
  Jorgrun (Snake:1)
  A nagaraja (Snake:1)
  An orc warlord (Orc:2)
  Erolcha (D:9)
  8 hydras
  3 naga warriors (Snake:1)
  Fannar (D:10)
  Erica (D:10)
  Harold (D:11)
  3 death yaks (Lair:6)
  2 two-headed ogres
  A catoblepas (Lair:6)
  8 anacondas (Snake:1)
  5 orc high priests
  A shock serpent (Snake:1)
  2 naga sharpshooters (Snake:1)
  The ghost of ThreePoint314 the Cleaver, a novice HOFi (D:7)
  An unseen horror (D:11)
  A naga ritualist (Snake:1)
  4 orc knights
  Pikel (D:5)
  5 oklob plants
  2 mana vipers
  4 orc sorcerers
  3 salamanders (Snake:1)
  3 ugly things
  8 elephants
  A guardian serpent (Snake:2)
  19 black mambas
  11 naga magi
  A torpor snail (Lair:4)
  3 ice statues (IceCv)
  36 cane toads
  9 komodo dragons
  2 hornets
  7 polar bears
  33 blink frogs
  5 trolls
  Grinder (D:3)
  5 tyrant leeches (Lair:6)
  5 dream sheep (Lair:5)
  Sigmund (D:2)
  A spriggan (D:11)
  4 wyverns
  66 yaks
  Grum (D:10)
  3 basilisks
  6 vampire mosquitoes (Lair:6)
  3 wargs
  11 nagas
  An acid dragon (D:11)
  5 soldier ants (D:6)
  19 water moccasins
  A sky beast (D:4)
  Duvessa (D:6)
  36 orc warriors
  2 phantoms
  11 ice beasts
  2 black bears (D:10)
  2 necrophages
  11 ogres
  7 centaurs
  8 wolves
  2 big kobolds
  33 bullfrogs
  A wyvern zombie (D:10)
  Dowan (D:6)
  11 killer bees
  6 scorpions
  6 wights
  2 howler monkeys (D:11)
  An electric eel (Lair:1)
  2 centaur zombies
  26 orc priests
  3 jellies
  4 bullfrog skeletons
  Crazy Yiuf (D:3)
  20 orc wizards
  4 quasits
  8 hounds
  7 iguanas
  Jessica (D:4)
  11 worker ants
  A killer bee zombie (D:7)
  2 hound skeletons
  A worker ant zombie (D:10)
  8 adders
  2 shadow imps (D:9)
  4 white imps
  An ufetubus (D:10)
  An adder skeleton (D:4)
  2 worms (D:2)
  3 dart slugs
  7 leopard geckos
  95 orcs
  4 giant cockroaches
  8 goblins
  6 hobgoblins
  9 jackals
  25 kobolds
  4 quokkas
  3 ball pythons
  7 bats
  4 frilled lizards
  A jackal zombie (D:5)
  12 rats
773 creatures vanquished.

Vanquished Creatures (collateral kills)
  A warg (Orc:1)
  An orc priest (Orc:1)
  An orc (Orc:1)
3 creatures vanquished.

Vanquished Creatures (others)
  A bush (Lair:6)
  82 fungi
  156 plants
  5 toadstools (D:11)
  2 withered plants (D:11)
246 creatures vanquished.

Grand Total: 1022 creatures vanquished

Table legend: (Time is in decaauts)
 A = Elapsed time spent in this place.
 B = Non-inter-level travel time spent in this place.
 C = Inter-level travel time spent in this place.
 D = Time resting spent in this place.
 E = Time spent auto-exploring this place.
 F = Levels seen in this place.
 G = Mean time per level.
                   A        B        C        D        E       F      G
               +--------+--------+--------+--------+--------+-----+--------+
         Total |  34136 |  32121 |   2015 |   8185 |  18674 |  23 | 1484.2 |
       Dungeon |  15432 |  14203 |   1229 |   2131 |   9814 |  11 | 1402.9 |
        Temple |    157 |    110 |     47 |      0 |    109 |   1 |  157.0 |
          Lair |  11678 |  11152 |    526 |   3891 |   5534 |   6 | 1946.3 |
     Snake Pit |   2887 |   2807 |     80 |    776 |   1572 |   2 | 1443.5 |
  Orcish Mines |   2676 |   2543 |    133 |    406 |   1578 |   2 | 1338.0 |
      Ice Cave |   1304 |   1304 |      0 |    981 |     67 |   1 | 1304.0 |
               +--------+--------+--------+--------+--------+-----+--------+

Top non-repeatable levels by time:
  Lair:2: 3026 daAuts
 Snake:1: 2855 daAuts
  Lair:6: 2757 daAuts
     D:2: 1932 daAuts
   Orc:2: 1909 daAuts
     D:9: 1862 daAuts
    D:10: 1770 daAuts
  Lair:3: 1670 daAuts
  Lair:1: 1574 daAuts
     D:8: 1522 daAuts
     D:1: 1515 daAuts
     D:6: 1423 daAuts
  Lair:4: 1372 daAuts
   IceCv: 1304 daAuts
  Lair:5: 1276 daAuts

Table legend:
 A = Non-vault XP
 B = Vault XP
 C = Vault XP percentage of total XP
 D = Non-vault monster count
 E = Vault monster count
 F = Vault count percentage of total count
                 A         B        C        D         E       F
            +---------+---------+-------+---------+---------+-------
      Total |   82756 |   66955 |  44.7 |     486 |     290 |  37.4
            +---------+---------+-------+---------+---------+-------
        D:1 |      43 |       0 |   0.0 |      28 |       0 |   0.0
        D:2 |      43 |     242 |  84.9 |      21 |       9 |  30.0
        D:3 |      18 |     309 |  94.5 |      10 |       2 |  16.7
        D:4 |     489 |     424 |  46.4 |      14 |       6 |  30.0
        D:5 |     710 |     662 |  48.3 |      17 |       3 |  15.0
        D:6 |     166 |    2197 |  93.0 |       3 |      23 |  88.5
        D:7 |     272 |    2012 |  88.1 |      12 |       5 |  29.4
        D:8 |     852 |       0 |   0.0 |      17 |       0 |   0.0
        D:9 |    3498 |    1506 |  30.1 |      40 |       7 |  14.9
       D:10 |    3056 |    3663 |  54.5 |      24 |      16 |  40.0
       D:11 |    5973 |    1601 |  21.1 |      30 |      34 |  53.1
     Lair:1 |    6961 |       0 |   0.0 |      26 |       0 |   0.0
     Lair:2 |    4533 |    4006 |  46.9 |      19 |      10 |  34.5
     Lair:3 |    6102 |    1362 |  18.2 |      23 |       2 |   8.0
     Lair:4 |    7224 |       0 |   0.0 |      33 |       0 |   0.0
     Lair:5 |    6014 |       0 |   0.0 |      18 |       0 |   0.0
     Lair:6 |   11024 |   18172 |  62.2 |      27 |      69 |  71.9
    Snake:1 |   15587 |   16491 |  51.4 |      31 |      23 |  42.6
    Snake:2 |    2352 |       0 |   0.0 |       5 |       0 |   0.0
      Orc:1 |    5659 |       0 |   0.0 |      55 |       0 |   0.0
      Orc:2 |    2180 |   11232 |  83.7 |      33 |      70 |  68.0
      IceCv |       0 |    3076 | 100.0 |       0 |      11 | 100.0
            +---------+---------+-------+---------+---------+-------
